Description

Easy 4 Rax Rush cheese build order. You can get to Diamond using this build and a little bit of micro.

If you hide in their 3rd you may even be able to kill Terran and Zergs. GLHF!

VOD

https://www.youtube.com/watch?v=Na3Bhn5buqA

Replay - neakolevik (T) vs ScarfaceWho (P) - Ultralove - TvP - 4 Rax Rush

Build Order

Get SALT Encoding   

  12  0:00  SCV  
  13  0:17  Supply Depot  
  13  0:19  SCV  
  14  0:31  SCV  
  15  0:42  Barracks  
  15  0:45  SCV  
  16  0:53  Barracks  
  16  1:04  SCV  
  17  1:11  Barracks  
  17  1:21  Supply Depot  
  17  1:26  SCV  
  19  1:36  Barracks  
  19  1:38  Marine  
  19  1:44  Marine  
  20  1:55  Orbital Command  
  20  2:01  Marine x3  
  23  2:10  Supply Depot  
  23  2:17  Supply Depot  
  23  2:21  Marine x2  
  24  2:27  Marine  
  26  2:34  Marine x2  
Spawning Tool Build Advisor. Get it on Overwolf

Go to:

Details

  • Created by: neakolevik
  • Published on: Feb 09, 2025
  • Modified on: Feb 09, 2025
  • Patch: 5.0.11
  • Difficulty: Easy
Show
View Real Time Build Order
Export as new Build Order

Comments (0)

There are no comments. Be the first!

Create an account to comment!